 Dungeon Crawl Stone Soup version 0.27-a0-797-g27d10ad80f (webtiles) character file.

Game seed: 13045519896315593522

1249 sizableburger the Cutter (level 8, -4/64 HPs)
             Began as a Human Brigand on Mar 28, 2021.
             Was an Initiate of Fedhas.
             Splashed by an orc's acid (15 damage)
             ... on level 6 of the Dungeon.
             The game lasted 00:16:56 (7461 turns).

sizableburger the Cutter (Human Brigand)            Turns: 7461, Time: 00:16:57

Health: -4/64      AC:  7    Str: 13    XL:     8   Next: 80%
Magic:  9/9        EV:  9    Int: 12    God:    Fedhas [......]
Gold:   308        SH:  0    Dex: 15    Spells: 7/7 levels left

rFire    + . .     SeeInvis .   a - +5 dagger
rCold    . . .     Faith    +   (no shield)
rNeg     . . .     Spirit   .   j - +0 scale mail
rPois    .         Reflect  .   x - +1 hat
rElec    .         Harm     .   y - scarf {+Inv}
rCorr    .         Rampage  .   (no gloves)
Will     .....                  (no boots)
Stlth    +.........             w - amulet of faith
HPRegen  0.20/turn              t - ring of protection from fire
MPRegen  0.11/turn              (no ring)

@: no status effects
A: no striking features
a: Renounce Religion, Evoke Invisibility


You were on level 6 of the Dungeon.
You worshipped Fedhas.
Fedhas was noncommittal.
You visited 2 branches of the dungeon, and saw 7 of its levels.

You collected 308 gold pieces.

Inventory:

Hand Weapons
 a - a +5 dagger (weapon)
Missiles
 d - 14 poisoned darts (quivered)
 e - 3 curare-tipped darts
 s - 4 atropa-tipped darts
Armour
 c - a +0 cloak
 j - a +0 scale mail (worn)
 m - a +2 robe of willpower
 x - a +1 hat (worn)
 y - a scarf of invisibility (worn)
Jewellery
 i - an amulet of magic regeneration
 t - a ring of protection from fire (left hand)
 w - an amulet of faith (around neck)
 z - the ring of Ecua {Ice +Fly Dex+4 Slay+2}
   (You found it on level 5 of the Dungeon)

   [ring of ice]

   It enhances your ice magic.
   It affects your dexterity (+4).
   It affects your accuracy and damage with ranged weapons and melee attacks
   (+2).
   It makes you vulnerable to fire.
   It protects you from cold.
   It lets you fly.
Scrolls
 f - a scroll of teleportation
 o - 2 scrolls of vulnerability
Potions
 g - 2 potions of curing
 k - a potion of brilliance {unknown}
 l - a potion of flight {unknown}
 r - a potion of haste {unknown}
 u - 2 potions of resistance {unknown}
 v - a potion of magic {unknown}


   Skills:
 - Level 5.9 Fighting
 + Level 6.9 Short Blades
 - Level 2.7 Throwing
 + Level 1.6 Armour
 - Level 1.5 Dodging
 - Level 4.0 Stealth
 + Level 1.8 Invocations
 + Level 2.6 Evocations


You had 7 spell levels left.
You didn't know any spells.
Your spell library was empty.

Dungeon Overview and Level Annotations

Branches:
Dungeon (6/15)             Temple (1/1) D:6

Altars:
Ashenzari
Dithmenos
Fedhas
Hepliaklqana
Kikubaaqudgha
Makhleb
Nemelex Xobeh
Okawaru
Sif Muna
Trog
Uskayaw
Vehumet
Wu Jian
Xom
Yredelemnul
Zin
The Shining One

Annotations:
D:5 3 runed translucent doors, Crawler65's ghost, novice TrBe


Message History

Throw: 20 darts (poison)
Press: ? - help, Q - select action, (/) - cycle Shift-Dir - straight line, f/p - orc
Aim: an orc, wielding a +0 rapier, wearing a +0 ring mail and carrying a wand of acid (7) (65% to hit)
You throw a poisoned dart.
The poisoned dart closely misses the orc.
Throw: 19 darts (poison)
Press: ? - help, Q - select action, (/) - cycle Shift-Dir - straight line, f/p - orc
Aim: an orc, wielding a +0 rapier, wearing a +0 ring mail and carrying a wand of acid (7) (65% to hit)
You throw a poisoned dart.
The poisoned dart closely misses the orc.
You start resting.
An orc is nearby!
Throw: 18 darts (poison)
Press: ? - help, Q - select action, (/) - cycle Shift-Dir - straight line, f/p - orc
Aim: an orc, wielding a +0 rapier, wearing a +0 ring mail and carrying a wand of acid (7) (65% to hit)
You throw a poisoned dart. The poisoned dart hits the orc.
The orc is poisoned.
Unknown command.
Throw: 17 darts (poison)
Press: ? - help, Q - select action, (/) - cycle Shift-Dir - straight line, f/p - orc
Aim: an orc, wielding a +0 rapier, wearing a +0 ring mail and carrying a wand of acid (7) (moderately wounded, poisoned, 65% to hit)
You throw a poisoned dart. The poisoned dart hits the orc.
The orc looks even sicker.
The orc is moderately wounded.
Throw: 16 darts (poison)
Press: ? - help, Q - select action, (/) - cycle Shift-Dir - straight line, f/p - orc
Aim: an orc, wielding a +0 rapier, wearing a +0 ring mail and carrying a wand of acid (7) (heavily wounded, very poisoned, 65% to hit)
You throw a poisoned dart. The poisoned dart hits the orc.
The orc is heavily wounded.
The orc zaps a wand.
The bolt of acid hits you!
You are splashed with acid!
Throw: 15 darts (poison)
Press: ? - help, Q - select action, (/) - cycle Shift-Dir - straight line, f/p - orc
Aim: an orc, wielding a +0 rapier, wearing a +0 ring mail and carrying a wand of acid (6) (heavily wounded, very poisoned, 65% to hit)
You throw a poisoned dart. The poisoned dart hits the orc.
The orc is heavily wounded.
An orc comes into view. It is wielding a +0 trident.
The orc zaps a wand.
The bolt of acid hits you!
* * * LOW HITPOINT WARNING * * *
You are splashed with acid!
You die...
Fedhas appreciates your contribution to the ecosystem.

#................#
###...............#
###...............##
#.............#...#
###...........###...
###...........#. ...
#...........#.... ##
##..........#.....
##....(@†.....(...
#.....##.....o
##....# #o....
##.##.# (... ....
... (.# #...##(...
.( ..$... #..## .
.####. ...


You could see 2 orcs.

Vanquished Creatures
  A wyvern (D:5)
  Menkaure (D:6)
  2 black bears (D:5)
  2 ogres
  4 scorpions
  A howler monkey (D:5)
  A hound (D:5)
  2 orc priests (D:4)
  2 iguanas
  An orc wizard (D:6)
  A hound skeleton (D:4)
  3 adders
  7 gnolls (D:2)
  An ufetubus (D:6)
  3 worms
  2 dart slugs (D:2)
  12 orcs
  7 endoplasms
  5 giant cockroaches
  9 goblins
  9 hobgoblins
  7 jackals
  9 kobolds
  6 quokkas
  7 ball pythons
  5 bats
  2 frilled lizards
  7 rats
119 creatures vanquished.

Notes
Turn   | Place    | Note
-------+----------+-------------------------------------------
     0 | D:1      | sizableburger the Human Brigand began the quest for the
                  | Orb.
     0 | D:1      | Reached XP level 1. HP: 16/16 MP: 1/1
   250 | D:1      | Reached XP level 2. HP: 19/22 MP: 2/2
   740 | D:1      | Reached XP level 3. HP: 25/28 MP: 3/3
  1619 | D:2      | Reached skill level 3 in Short Blades
  1619 | D:2      | Reached XP level 4. HP: 34/34 MP: 4/4
  2215 | D:2      | Reached XP level 5. HP: 41/41 MP: 5/5
  2923 | D:3      | Found a shadowy altar of Dithmenos.
  3024 | D:3      | Reached skill level 4 in Short Blades
  3522 | D:3      | Reached XP level 6. HP: 28/48 MP: 6/6
  3963 | D:4      | Noticed an ogre
  3984 | D:4      | Killed an ogre
  4459 | D:4      | Found an iron altar of Okawaru.
  4996 | D:4      | Reached skill level 5 in Short Blades
  4996 | D:4      | Reached XP level 7. HP: 39/55 MP: 7/7
  5222 | D:5      | Entered Level 5 of the Dungeon
  5491 | D:5      | Reached skill level 5 in Fighting
  5713 | D:5      | Noticed a wyvern
  5726 | D:5      | Killed a wyvern
  5727 | D:5      | Reached skill level 6 in Short Blades
  5727 | D:5      | Reached XP level 8. HP: 34/64 MP: 8/8
  5961 | D:5      | Reached skill level 1 in Evocations
  6127 | D:5      | Identified the ring of Ecua {Ice +Fly Dex+4 Slay+2}
  6236 | D:5      | Found a glowing golden altar of the Shining One.
  6276 | D:5      | Found a runed translucent gate.
  6277 | D:5      | Found a runed translucent gate.
  6277 | D:5      | Noticed Crawler65's ghost (novice TrBe)
  6278 | D:5      | Found a runed translucent gate.
  6478 | D:6      | Found a staircase to the Ecumenical Temple.
  6487 | Temple   | Entered the Ecumenical Temple
  6521 | Temple   | Became a worshipper of Fedhas Madash
  6988 | D:6      | Noticed Menkaure
  7006 | D:6      | Killed Menkaure
  7007 | D:6      | Reached skill level 1 in Armour
  7007 | D:6      | Reached skill level 1 in Invocations
  7071 | D:6      | Noticed a hornet
  7078 | D:6      | Paralysed by a hornet for 1 turns
  7287 | D:6      | Found a bloodstained altar of Trog.
  7461 | D:6      | Splashed by an orc's acid

Illustrated notes

Levels and vault maps discovered:
D:1:      dpeg_arrival_boxes_within_box, layout_basic, chequers_mini_garden
D:2:      layout_basic
D:3:      layout_basic, nicolae_overflow_hidden_temple
D:4:      layout_loops_corners, okawaru_gym_becter
D:5:      layout_rooms, gammafunk_ghost_nasty_kobolds,
          kennysheep_big_empty_room, dk_noncrumbling_3, tso_altar
D:6:      layout_cave_pools, nicolae_overflow_crystal_walls,
          kennysheep_mini_moat, lemuel_coloured_pillars_altar,
          lemuel_round_altar, lemuel_temple_firewalk_b, kennysheep_doodads,
          uniq_menkaure
Temple:   regret_index_temple_waves

Skill      XL: |  1  2  3  4  5  6  7  8 |
---------------+-------------------------+-----
Short Blades   | 3 4 5 6 |  6.9
Fighting       | 3 4 5 |  5.9
Evocations     | 2 |  2.6
Armour         | 1 |  1.6
Invocations    | 1 |  1.8
Throwing       | |  2.7
Dodging        | |  1.5
Stealth        | |  4.0

Action                   |  1- 3 |  4- 6 |  7- 9 || total
-------------------------+-------+-------+-------++-------
Melee: Dagger            |   121 |   184 |   103 ||   408
Throw: Dart              |       |    16 |    32 ||    48
 Abil: Evoke Invisibilit |       |       |     1 ||     1
  Use: Scroll            |     1 |     3 |     8 ||    12
       Potion            |       |       |     2 ||     2
 Stab: Sleeping          |     9 |     9 |     3 ||    21
       Invisible         |       |     2 |       ||     2
Armor: Robe              |    22 |    29 |     6 ||    57
       Scale mail        |       |       |    10 ||    10
       Skin              |       |       |     2 ||     2
Dodge: Dodged            |    87 |    86 |    41 ||   214

Table legend: (Time is in decaauts)
 A = Elapsed time spent in this place.
 B = Non-inter-level travel time spent in this place.
 C = Inter-level travel time spent in this place.
 D = Time resting spent in this place.
 E = Time spent auto-exploring this place.
 F = Levels seen in this place.
 G = Mean time per level.
                   A        B        C        D        E       F      G
               +--------+--------+--------+--------+--------+-----+--------+
         Total |   7375 |   6747 |    628 |   1864 |   3633 |   7 | 1053.6 |
       Dungeon |   7223 |   6652 |    571 |   1864 |   3557 |   6 | 1203.8 |
        Temple |    152 |     95 |     57 |      0 |     76 |   1 |  152.0 |
               +--------+--------+--------+--------+--------+-----+--------+

Top non-repeatable levels by time:
     D:1: 1557 daAuts
     D:4: 1397 daAuts
     D:5: 1310 daAuts
     D:2: 1287 daAuts
     D:3: 1131 daAuts
     D:6: 538 daAuts
  Temple: 152 daAuts
